 Dungeon Sprint DCSS version 0.27.1-33-g824d729ab1 (webtiles) character file.

Game seed: 10364953909027026466

483 Adenis the Unseen (level 6, -14/48 HPs)
             Began as a Vampire Brigand on Dec 3, 2021.
             Demolished by a red devil (15 damage)
             ... summoned by a kobold demonologist
             ... in the Dungeon (Sprint I: "Red Sonja").
             The game lasted 00:01:47 (134 turns).

Adenis the Unseen (Vampire Brigand)                  Turns: 134, Time: 00:01:48

Health: -14/48     AC:  5    Str: 10      XL:     6   Next: 87%
Magic:  6/6        EV: 12    Int: 14      God:
Gold:   282        SH:  0    Dex: 12 (17) Spells: 5/5 levels left

rFire    + . .     SeeInvis +   a - +2 dagger
rCold    . . .     Faith    .   (no shield)
rNeg     . . .     Spirit   .   l - +2 robe {rF+}
rPois    .         Reflect  .   (no helmet)
rElec    .         Harm     .   c - +0 cloak
rCorr    .         Rampage  .   (no gloves)
Will     .....     NoTele   +   (no boots)
Stlth    +++++++...             (no amulet)
HPRegen  0.36/turn              (no ring)
MPRegen  0.10/turn              (no ring)

@: healing quickly
A: alive, fangs 3, see invisible, vampiric 2
a: Exsanguinate


You were in the Dungeon.
You visited 1 branch You collected 282 gold pieces.

Inventory:

Hand Weapons
 a - a +2 dagger (weapon)
Missiles
 d - 8 poisoned darts (quivered)
 e - 2 curare-tipped darts
Armour
 c - a +0 cloak (worn)
 l - a +2 robe of fire resistance (worn)
Scrolls
 k - a scroll of blinking
Potions
 f - a potion of curing
 g - a potion of heal wounds
 h - a potion of haste
 i - 2 potions of magic
 j - a potion of berserk rage


   Skills:
 + Level 4.2 Fighting
 + Level 5.3 Short Blades
 + Level 3.9 Throwing
 + Level 1.7 Dodging
 + Level 18.4 Stealth


You had 5 spell levels left.
You didn't know any spells.
Your spell library was empty.

Dungeon Overview and Level Annotations

Branches:
Dungeon (1/1)

Altars:
Makhleb
Sif Muna
Vehumet
Wu Jian
Xom
Jiyva
Lugonu


Innate Abilities, Weirdness & Mutations

Your natural rate of healing is accelerated.
You have razor-sharp teeth.
You have supernaturally acute eyesight. (SInv)
You are afflicted with vampirism and can become a bat while bloodless.


Message History

The quasit claws you but does no damage.
The quasit bites you but does no damage.
The quasit claws you but does no damage. x2
You can move again.
The quasit bites you.
The quasit claws you but does no damage.
The quasit barely misses you.
There is a corrupted altar of Lugonu here.
You barely miss the quasit.
The quasit is severely wounded.
The quasit bites you but does no damage.
The quasit claws you but does no damage. x2
The red devil barely misses you.
You closely miss the quasit. You bite the quasit.
The quasit is severely wounded.
The quasit bites you but does no damage.
The quasit claws you but does no damage. x2
The red devil hits you from afar with a +0 trident!
You barely miss the quasit.
The quasit is severely wounded.
The quasit completely misses you. The quasit claws you.
You feel clumsy.
The quasit claws you but does no damage.
You barely miss the quasit.
The quasit is severely wounded.
The red devil hits you from afar with a +0 trident!!
* * * LOW HITPOINT WARNING * * *
The quasit bites you but does no damage.
The quasit barely misses you.
The quasit claws you but does no damage.
Unknown command.
Press < or > to pray at altars.
Unknown command.
Press < or > to pray at altars.
You closely miss the quasit. Your bite misses the quasit.
The quasit is severely wounded.
The quasit barely misses you.
The quasit claws you but does no damage. x2
The red devil hits you from afar with a +0 trident!
You die...

#########################
<.#.)'..#.['..#_@#5.5K4.#
..'..#.)'..#..'..54K#5..#
..#####'#####'#__#### 5.+
..# #..# #(#### ## ..#
#### ##.# ..# #+#_.+ ⌠⌠#
+..._# ### #_.#+# ##+#


You could see a kobold demonologist, a red devil (summoned) and a quasit
(summoned).

Vanquished Creatures
  A slime creature (D)
  Sigmund (D)
  An ogre (D)
  A jelly (D)
  Ijyb (D)
5 creatures vanquished.

Notes
Turn   | Place    | Note
-------+----------+-------------------------------------------
     0 | D        | Adenis the Vampire Brigand began the quest for the Orb.
     0 | D        | Reached XP level 1. HP: 16/16 MP: 1/1
     2 | D        | Noticed Ijyb
     6 | D        | Killed Ijyb
     7 | D        | Reached skill level 9 in Stealth
     7 | D        | Reached XP level 2. HP: 22/22 MP: 2/2
     8 | D        | Noticed an ogre
    12 | D        | Killed an ogre
    13 | D        | Reached skill level 13 in Stealth
    13 | D        | Gained mutation: You are afflicted with vampirism and can
                  | become a bat while bloodless. [Vampire growth]
    13 | D        | Reached XP level 3. HP: 29/29 MP: 3/3
    13 | D        | Reached XP level 4. HP: 35/35 MP: 4/4
    20 | D        | Noticed Sigmund
    24 | D        | Killed Sigmund
    25 | D        | Reached skill level 16 in Stealth
    25 | D        | Reached XP level 5. HP: 42/42 MP: 5/5
    25 | D        | Reached XP level 6. HP: 48/48 MP: 6/6
    66 | D        | Found a burning altar of Makhleb.
    66 | D        | Found a viscous altar of Jiyva.
    66 | D        | Found a shimmering altar of Xom.
    66 | D        | Found a corrupted altar of Lugonu.
    66 | D        | Noticed a slime creature
    69 | D        | Killed a slime creature
    70 | D        | Reached skill level 5 in Short Blades
    70 | D        | Reached skill level 18 in Stealth
    72 | D        | Found an ornate altar of the Wu Jian Council.
    72 | D        | Found a shimmering blue altar of Sif Muna.
    74 | D        | Found a radiant altar of Vehumet.
   109 | D        | Noticed a kobold demonologist
   109 | D        | Noticed a floating eye
   109 | D        | Noticed a kobold demonologist
   112 | D        | Paralysed by a floating eye for 4 turns
   113 | D        | Noticed a red devil
   124 | D        | Noticed an orange demon
   126 | D        | Paralysed by a floating eye for 2 turns
   133 | D        | HP: 1/48 [red devil[a kobold demonologist] (19)]
   134 | D        | Demolished by a red devil

Illustrated notes

Levels and vault maps discovered:
D:        dungeon_sprint_1 [red_sonja_temple_1, red_sonja_temple_small_1]

Skill      XL: |  1  2  3  4  5  6 |
---------------+-------------------+-----
Fighting       | 2 3 4 |  4.2
Throwing       | 2 3 |  3.9
Stealth        | 9 13 16 18 | 18.4
Short Blades   | 3 4 5 |  5.3
Dodging        | |  1.7

Action                   |  1- 3 |  4- 6 || total
-------------------------+-------+-------++-------
Melee: Dagger            |     2 |    19 ||    21
       Bite              |       |     1 ||     1
 Stab: Sleeping          |     2 |     3 ||     5
Armor: Robe              |       |    36 ||    36
Dodge: Dodged            |       |    22 ||    22
